 Dungeon Crawl Stone Soup version 0.31-a0-233-g139696dc86 (webtiles) character file.

Game seed: 16089122138153671842

40568 qw the Marksminotaur (level 13, -2/126 HPs)
             Began as a Minotaur Hexslinger on July 8, 2023.
             Was a High Priest of Okawaru.
             Slain by a lindwurm (3 damage)
             ... while petrified by a basilisk
             ... on level 5 of the Lair of Beasts.
             The game lasted 00:06:19 (14196 turns).

qw the Marksminotaur (Minotaur Hexslinger)         Turns: 14196, Time: 00:06:19

Health: -2/126     AC:  6    Str: 23    XL:     13   Next: 75%
Magic:  18/19      EV:  2    Int: 10    God:    Okawaru [*****.]
Gold:   545        SH:  0    Dex: 20    Spells: 13/14 levels left

rFire   . . .        c - +8 orcbow "Ysiy" {freeze, rC++ Str+3 Int-3}
rCold   + + .        (shield currently unavailable)
rNeg    + + +        q - +1 leather armour {rPois}
rPois   inf          (helmet restricted)
rElec   .            (no cloak)
rCorr   .            s - +0 pair of gloves of the Untouchables {Int+3 Dex+3}
SInv    .            (no boots)
Will    .....        m - amulet of reflection
Stlth   +++          b - +6 ring of strength
HPRegen 0.41/turn    (no ring)
MPRegen 0.16/turn

%: reflection
@: petrified, heroic
A: horns 2, retaliatory headbutt
a: Renounce Religion, Heroism, Finesse, Duel


You were on level 5 of the Lair of Beasts.
You worshipped Okawaru.
Okawaru was extremely pleased with you.
You visited 3 branches of the dungeon, and saw 17 of its levels.

You collected 1152 gold pieces.
You spent 607 gold pieces at shops.


Innate Abilities, Weirdness & Mutations

You have a pair of horns on your head.
You reflexively headbutt those who attack you in melee.


   Skills:
 - Level 15.0(20.0) Fighting
 - Level 16.0(21.0) Ranged Weapons
 - Level 4.1(9.1) Armour
 + Level 11.3(16.3) Dodging
 - Level 1.0 Spellcasting
 - Level 2.0 Hexes
 - Level 10.0 Invocations


You had 13 spell levels left.
You knew the following spells:

 Your Spells              Type           Power      Damage    Failure   Level
a - Slow                  Hex            16%        N/A       17%         1

Your spell library contained the following spells:

 Spells                   Type           Power      Damage    Failure   Level
 Inner Flame              Hex/Fire       2%         N/A       58%         3
 Portal Projectile        Hex/Tloc       4%         N/A       58%         3
 Cause Fear               Hex            2%         N/A       86%         4

Inventory:

Hand Weapons
 c - the +8 orcbow "Ysiy" (weapon) {freeze, rC++ Str+3 Int-3}
   (You acquired it on level 2 of the Dungeon)

   Str:       It affects your strength (+3).
   Int:       It affects your intelligence (-3).
   rC:        It greatly protects you from cold.
Armour
 p - a +0 troll leather armour
 q - a +1 leather armour of poison resistance (worn)
 s - the +0 pair of gloves of the Untouchables (worn) {Int+3 Dex+3}
   (You acquired it on level 8 of the Dungeon)

   Int:       It affects your intelligence (+3).
   Dex:       It affects your dexterity (+3).
Jewellery
 b - a +6 ring of strength (left hand)
 g - a ring of ice
 m - an amulet of reflection (around neck)
Wands
 r - a wand of digging (4)
Scrolls
 e - 2 scrolls of enchant armour
 f - 8 scrolls of identify
 h - 4 scrolls of teleportation
 n - 2 scrolls of enchant weapon
Potions
 a - 2 potions of haste
 d - 2 potions of resistance
 i - 2 potions of enlightenment
 j - 14 potions of curing
 k - 2 potions of might
 l - 2 potions of mutation
 o - 2 potions of heal wounds

Dungeon Overview and Level Annotations

Branches:
Dungeon (11/15)            Temple (1/1) D:4            Lair (5/5) D:11
  Swamp (0/4) Lair:2        Snake (0/4) Lair:3          Orc (0/2) D:9
  Slime: Lair:4-5

Altars:
Ashenzari
Cheibriados
Dithmenos
Elyvilon
Fedhas
Gozag
Hepliaklqana
Kikubaaqudgha
Makhleb
Nemelex Xobeh
Okawaru
Qazlal
Ru
Sif Muna
Trog
Uskayaw
Vehumet
Wu Jian
Xom
Yredelemnul
Zin
The Shining One

Shops:
D:8 (![   D:11 ?(

Portals:
Ice
Cave: Lair:5

Annotations:
D:2 1 runed translucent door, Crazy Yiuf


Message History

The water moccasin bites you but does no damage.
The blink frog blinks!
You block the wyvern's attack.
You shoot an arrow. The arrow hits the blink frog!
The blink frog seems to slow down.
The arrow freezes the blink frog.
You kill the blink frog!
Okawaru accepts your kill. The water moccasin barely misses you.
You furiously retaliate!
You headbutt the water moccasin. You block the wyvern's attack.
You shoot an arrow. The arrow misses the water moccasin.
The water moccasin misses you. The wyvern bites you.
You shoot an arrow.
The arrow barely misses the water moccasin.
You block the water moccasin's attack.
The wyvern bites you but does no damage.
The basilisk hisses menacingly.
The basilisk gazes at you.
You are slowing down.
You shoot an arrow.
The arrow barely misses the water moccasin.
The wyvern closely misses you. You furiously retaliate!
You headbutt the wyvern. The water moccasin misses you.
You furiously retaliate!
You headbutt the water moccasin!
A blink frog comes into view.
The basilisk bites you.
The wyvern hisses menacingly.
The wyvern bites you! The water moccasin bites you.
Your limbs are stiffening.
You shoot an arrow. The arrow hits the water moccasin.
The arrow freezes the water moccasin.
You kill the water moccasin!
Okawaru accepts your kill. The wyvern misses you.
The basilisk barely misses you. You furiously retaliate!
You headbutt the basilisk! The lindwurm breathes flames at you.
The blast of flame hits you!!!
You have turned to stone.
The wyvern bites you! The basilisk bites you! The lindwurm bites you.
The lindwurm claws you. x2
The basilisk bites you! The lindwurm bites you!
The lindwurm claws you but does no damage.
The lindwurm claws you.
You die...

##..####P.. [..
##.....P##.. ...#
###.#......... .....
#.##.......... <...P
##............. $.....
##.#..#.....%... .....F#
#....##.......#.
......k##...##.........#
.....lD@.....##........#
......l%..#####........#
.........## ##....(..#
..##...P.. #..#...... .
##...... ##........
......... ....%......
..#.......#..........P
#...................P.
...#.#..P..


You could see a five-headed hydra, a lindwurm (catching breath), a basilisk, a
blink frog and a wyvern.

Vanquished Creatures
  Rupert (Lair:4)
  Fannar (D:11)
  5 hydras
  A two-headed ogre (D:11)
  A centaur warrior (D:11)
  Nergalle (Lair:1)
  Urug (D:10)
  A skyshark (Lair:4)
  6 lindwurms
  10 elephants
  Joseph (D:10)
  A black mamba (Lair:5)
  9 cane toads
  6 komodo dragons
  A kobold demonologist (D:10)
  A polar bear (Lair:4)
  2 hornets
  3 trolls
  23 blink frogs
  3 shadows
  2 wraiths (D:9)
  3 wyverns
  30 yaks
  4 basilisks
  A steam dragon (D:6)
  5 swamp worms (Lair:2)
  An acid dragon (D:8)
  13 water moccasins
  3 wargs
  5 orc warriors
  4 ice beasts
  4 black bears
  2 sky beasts (D:7)
  11 wolves
  2 ogres
  A centaur (D:11)
  A phantom (D:5)
  13 bullfrogs
  2 scorpions
  5 wights (D:8)
  53 killer bees
  A howler monkey (D:8)
  4 hounds
  7 orc priests
  2 jellies
  6 iguanas
  22 orc wizards
  3 gnolls (D:8)
  10 adders
  9 river rats (Lair:5)
  3 shadow imps
  A white imp (D:8)
  An ufetubus (D:6)
  4 worms
  A dart slug (D:1)
  51 orcs
  8 bats
  4 endoplasms
  A giant cockroach (D:3)
  10 hobgoblins
  4 jackals (D:2)
  2 quokkas
  13 ball pythons
  2 frilled lizards (D:2)
  9 goblins
  9 kobolds
  4 rats
434 creatures vanquished.

Notes
Turn   | Place    | Note
-------+----------+-------------------------------------------
     0 | D:1      | qw the Minotaur Hexslinger began the quest for the Orb.
     0 | D:1      | Reached XP level 1. HP: 16/16 MP: 1/1
     0 | D:1      | 0 ||| qw: Version: 0.3-a-46-gb1f654a
     0 | D:1      | 0 ||| qw: Game counter: 3583
     0 | D:1      | 0 ||| qw: Melee chars always use a shield: true
     0 | D:1      | 0 ||| qw: God list: Okawaru
     0 | D:1      | 0 ||| qw: Allow faded altars: false
     0 | D:1      | 0 ||| qw: Do Orc after clearing Dungeon:15 true
     0 | D:1      | 0 ||| qw: Do second Lair branch before Depths: true
     0 | D:1      | 0 ||| qw: Lair rune preference: random
     0 | D:1      | 0 ||| qw: Goals: Normal
     0 | D:1      | 0 ||| PLANNING D:1-11
   118 | D:1      | 118 ||| FLEEEEING.
   127 | D:1      | Reached skill level 3 in Ranged Weapons
   127 | D:1      | Reached XP level 2. HP: 23/23 MP: 2/2
   258 | D:1      | 258 ||| Stepping ~*~*~tactically~*~*~ (water).
   457 | D:1      | 457 ||| Stepping ~*~*~tactically~*~*~ (water).
   461 | D:1      | 461 ||| Stepping ~*~*~tactically~*~*~ (water).
   939 | D:1      | 939 ||| UPGRADING to +0 ring mail.
   949 | D:1      | 949 ||| DROPPING +0 robe.
   950 | D:1      | 950 ||| READING scroll labelled NINLICILOA.
   951 | D:1      | 951 ||| READING 3 scrolls labelled PASCHIF BIDADI.
   952 | D:1      | 952 ||| READING scroll labelled SUFRAEC SIEHUTTEA.
   953 | D:1      | 953 ||| READING scroll labelled DAUXZE XOIDGHUS.
   954 | D:1      | 954 ||| DRINKING 2 yellow potions.
   955 | D:1      | 955 ||| READING 2 scrolls of identify.
   955 | D:1      | 955 ||| IDENTIFYING fuming sapphire potion
   956 | D:1      | 956 ||| DROPPING scroll of poison.
   957 | D:1      | 957 ||| DROPPING potion of magic.
  1020 | D:2      | Reached XP level 3. HP: 29/29 MP: 3/3
  1201 | D:2      | Reached skill level 4 in Ranged Weapons
  1270 | D:2      | Reached skill level 1 in Armour
  1446 | D:2      | Reached XP level 4. HP: 34/36 MP: 4/4
  1490 | D:2      | HP: 8/36 [worm (7)]
  1492 | D:2      | HP: 1/36 [worm (8)]
  1744 | D:2      | Found a runed translucent door.
  1745 | D:2      | Noticed Crazy Yiuf
  1936 | D:2      | 1936 ||| UPGRADING to amulet of the acrobat.
  1941 | D:2      | 1941 ||| UPGRADING to +6 ring of strength.
  1942 | D:2      | 1942 ||| READING scroll labelled LUUWOL AMAQO.
  1942 | D:2      | Identified a scroll of acquirement
  1942 | D:2      | 1942 ||| ACQUIRING +8 orcbow "Ysiy" {freeze, rC++ Str+3
                  | Int-3}
  1942 | D:2      | Acquired the +8 orcbow "Ysiy" {freeze, rC++ Str+3 Int-3}
  1944 | D:2      | 1944 ||| SWAPPING to +8 orcbow "Ysiy" {freeze, rC++ Str+3
                  | Int-3}.
  1945 | D:2      | 1945 ||| DROPPING +1 sling.
  1946 | D:2      | 1946 ||| READING scroll labelled NIT YRAMEBB.
  2008 | D:2      | 2008 ||| READING scroll labelled MYQANIG ILAUK.
  2009 | D:2      | 2009 ||| DRINKING 2 emerald potions.
  2010 | D:2      | 2010 ||| READING 2 scrolls of identify.
  2010 | D:2      | 2010 ||| IDENTIFYING bubbling emerald potion
  2011 | D:2      | 2011 ||| DROPPING potion of attraction.
  2073 | D:3      | 2073 ||| STAIRDANCE
  2251 | D:3      | Noticed an ogre
  2254 | D:3      | Killed an ogre
  2255 | D:3      | Reached skill level 5 in Ranged Weapons
  2255 | D:3      | Reached XP level 5. HP: 41/41 MP: 5/5
  2774 | D:3      | Found a shimmering blue altar of Sif Muna.
  2786 | D:3      | Reached skill level 3 in Fighting
  2786 | D:3      | 2786 ||| FLEEEEING.
  2813 | D:3      | 2813 ||| FLEEEEING.
  2815 | D:3      | 2815 ||| FLEEEEING.
  2879 | D:3      | Reached skill level 6 in Ranged Weapons
  2934 | D:3      | 2934 ||| UPGRADING to +1 leather armour of cold resistance.
  2944 | D:3      | 2944 ||| DROPPING +0 ring mail.
  2945 | D:3      | 2945 ||| READING scroll labelled JUIXZO FUTT.
  2946 | D:3      | 2946 ||| READING scroll labelled BARUFA CATERCH.
  2949 | D:3      | 2949 ||| READING 2 scrolls of identify.
  2949 | D:3      | 2949 ||| IDENTIFYING bubbling dark potion
  3011 | D:4      | Found a staircase to the Ecumenical Temple.
  3012 | D:4      | 3012 ||| PLANNING TEMPLE
  3020 | Temple   | Entered the Ecumenical Temple
  3021 | Temple   | 3021 ||| PLANNING OKAWARU WORSHIP
  3025 | Temple   | Became a worshipper of Warmaster Okawaru
  3026 | Temple   | 3026 ||| PLANNING D:1-11
  3078 | D:4      | Found a bloodstained altar of Trog.
  3095 | D:4      | Found a shimmering altar of Xom.
  3098 | D:4      | Identified the +5 short sword of Perversion {drain, rPois
                  | rN+ Dex-2}
  3148 | D:4      | Found a blossoming altar of Fedhas.
  3266 | D:4      | Reached XP level 6. HP: 52/52 MP: 6/6
  3433 | D:4      | Found a sparkling altar of Nemelex Xobeh.
  3474 | D:4      | 3474 ||| READING 2 scrolls of identify.
  3474 | D:4      | 3474 ||| IDENTIFYING green potion
  3525 | D:5      | Entered Level 5 of the Dungeon
  3539 | D:5      | Reached skill level 7 in Ranged Weapons
  3669 | D:5      | Reached XP level 7. HP: 59/59 MP: 7/7
  3688 | D:5      | Reached * piety under Okawaru
  3931 | D:5      | Found an ancient bone altar of Kikubaaqudgha.
  3932 | D:5      | 3932 ||| INVOKING Heroism.
  4105 | D:5      | Reached skill level 8 in Ranged Weapons
  4169 | D:5      | 4169 ||| READING scroll labelled VEPPEQ TOOLLOH.
  4170 | D:5      | 4170 ||| READING scroll labelled TUMMEA ANEURE.
  4171 | D:5      | 4171 ||| READING scroll labelled CAGAKE FELO.
  4197 | D:6      | 4197 ||| STAIRDANCE
  4248 | D:6      | 4248 ||| STAIRDANCE
  4253 | D:5      | 4253 ||| DRINKING potion of curing.
  4253 | D:5      | 4253 ||| (to cure confusion)
  4255 | D:5      | 4255 ||| INVOKING Heroism.
  4336 | D:6      | Reached skill level 1 in Invocations
  4365 | D:6      | Noticed a steam dragon
  4366 | D:6      | 4366 ||| INVOKING Heroism.
  4367 | D:6      | 4367 ||| Stepping ~*~*~tactically~*~*~ (cloud).
  4372 | D:6      | Killed a steam dragon
  4373 | D:6      | 4373 ||| Stepping ~*~*~tactically~*~*~ (cloud).
  4374 | D:6      | 4374 ||| Stepping ~*~*~tactically~*~*~ (cloud).
  4492 | D:6      | Reached XP level 8. HP: 68/68 MP: 8/8
  4532 | D:6      | 4532 ||| INVOKING Heroism.
  4588 | D:6      | 4588 ||| INVOKING Heroism.
  4635 | D:6      | Noticed a hornet
  4642 | D:6      | Killed a hornet
  4643 | D:6      | Reached skill level 9 in Ranged Weapons
  4643 | D:6      | Reached skill level 3 in Invocations
  4803 | D:6      | 4803 ||| INVOKING Heroism.
  4895 | D:6      | 4895 ||| FLEEEEING.
  5039 | D:6      | Reached ** piety under Okawaru
  5040 | D:6      | Reached skill level 6 in Fighting
  5117 | D:6      | Found a glowing silver altar of Zin.
  5117 | D:6      | Noticed an angel
  5217 | D:6      | 5217 ||| UPGRADING to +1 leather armour of poison
                  | resistance.
  5227 | D:6      | 5227 ||| READING scroll labelled ULON CUVIEB.
  5228 | D:6      | 5228 ||| READING 2 scrolls of identify.
  5228 | D:6      | 5228 ||| IDENTIFYING clear potion
  5461 | D:7      | Reached XP level 9. HP: 72/78 MP: 11/11
  5557 | D:7      | Reached skill level 10 in Ranged Weapons
  6094 | D:7      | Identified the +3 scale mail "Camis Kysoo" {-Cast Rampage
                  | *Corrode Regen+}
  6184 | D:7      | 6184 ||| INVOKING Heroism.
  6264 | D:7      | Found an ornate altar of the Wu Jian Council.
  6408 | D:7      | 6408 ||| READING 2 scrolls of identify.
  6408 | D:7      | 6408 ||| IDENTIFYING smoky black potion
  6409 | D:7      | 6409 ||| DROPPING potion of brilliance.
  6467 | D:8      | Found Woug's Antique Armour Shop.
  6467 | D:8      | Found Niutwu's Distillery.
  6467 | D:8      | Found Rueclimn's Antique Weapon Shop.
  6469 | D:8      | 6469 ||| BUYING pair of gloves (112 gold).
  6469 | D:8      | Bought a pair of gloves for 112 gold pieces
  6469 | D:8      | 6469 ||| BUYING pair of masterwork gloves (237 gold).
  6469 | D:8      | Bought a pair of masterwork gloves for 237 gold pieces
  6469 | D:8      | Identified the +1 pair of gloves "Myklumn" {Str+3} (You
                  | bought it in a shop on level 8 of the Dungeon)
  6469 | D:8      | 6469 ||| SHOPLISTING runed ring mail (175 gold, have 159).
  6469 | D:8      | 6469 ||| UPGRADING to +0 pair of gloves.
  6474 | D:8      | 6474 ||| UPGRADING to +1 pair of gloves "Myklumn" {Str+3}.
  6484 | D:8      | 6484 ||| DROPPING +0 pair of gloves.
  6566 | D:8      | 6566 ||| INVOKING Heroism.
  6574 | D:8      | Reached skill level 11 in Ranged Weapons
  7007 | D:8      | 7007 ||| READING scroll of acquirement.
  7007 | D:8      | 7007 ||| ACQUIRING +0 pair of gloves of the Untouchables
                  | {Int+3 Dex+3}
  7007 | D:8      | Acquired the +0 pair of gloves of the Untouchables {Int+3
                  | Dex+3}
  7009 | D:8      | 7009 ||| UPGRADING to +0 pair of gloves of the Untouchables
                  | {Int+3 Dex+3}.
  7019 | D:8      | 7019 ||| DROPPING +1 pair of gloves "Myklumn" {Str+3}.
  7066 | D:8      | 7066 ||| BUYING potion of curing (36 gold).
  7066 | D:8      | Bought a potion of curing for 36 gold pieces
  7066 | D:8      | 7066 ||| BUYING potion of curing (36 gold).
  7066 | D:8      | Bought a potion of curing for 36 gold pieces
  7066 | D:8      | 7066 ||| BUYING potion of curing (36 gold).
  7066 | D:8      | Bought a potion of curing for 36 gold pieces
  7066 | D:8      | 7066 ||| BUYING potion of curing (36 gold).
  7066 | D:8      | Bought a potion of curing for 36 gold pieces
  7066 | D:8      | 7066 ||| BUYING potion of curing (36 gold).
  7066 | D:8      | Bought a potion of curing for 36 gold pieces
  7066 | D:8      | 7066 ||| SHOPLISTING potion of curing (36 gold, have 35).
  7066 | D:8      | 7066 ||| SHOPLISTING potion of mutation (96 gold, have 35).
  7318 | D:8      | Reached skill level 12 in Ranged Weapons
  7394 | D:8      | 7394 ||| INVOKING Heroism.
  7463 | D:8      | 7463 ||| UPGRADING to amulet of reflection.
  7473 | D:8      | 7473 ||| DROPPING amulet of the acrobat.
  7493 | D:9      | Found a flagged portal.
  7518 | D:8      | 7518 ||| SHOPLISTING longbow (182 gold, have 68).
  7518 | D:8      | 7518 ||| SHOPLISTING steaming orcbow (238 gold, have 68).
  7581 | D:9      | Noticed a troll
  7582 | D:9      | 7582 ||| INVOKING Heroism.
  7585 | D:9      | Killed a troll
  7586 | D:9      | Reached XP level 10. HP: 88/88 MP: 9/12
  7610 | D:9      | Found a basalt altar of Yredelemnul.
  7625 | D:9      | Reached *** piety under Okawaru
  7626 | D:9      | Reached skill level 6 in Dodging
  7695 | D:9      | Received a gift from Okawaru
  7731 | D:9      | 7731 ||| INVOKING Heroism.
  7793 | D:9      | Found a shadowy altar of Dithmenos.
  7862 | D:9      | 7862 ||| INVOKING Heroism.
  7890 | D:9      | Found a staircase to the Orcish Mines.
  7907 | D:9      | 7907 ||| INVOKING Heroism.
  7911 | D:9      | Reached skill level 13 in Ranged Weapons
  7926 | D:9      | Reached skill level 9 in Fighting
  8118 | D:9      | Found a glowing golden altar of the Shining One.
  8168 | D:9      | 8168 ||| DROPPING +1 leather armour of cold resistance.
  8169 | D:9      | 8169 ||| DRINKING 2 sapphire potions.
  8170 | D:9      | 8170 ||| READING 4 scrolls of identify.
  8170 | D:9      | 8170 ||| IDENTIFYING ruby potion
  8171 | D:9      | 8171 ||| READING 3 scrolls of identify.
  8171 | D:9      | 8171 ||| IDENTIFYING purple potion
  8172 | D:9      | 8172 ||| DROPPING potion of lignification.
  8173 | D:9      | 8173 ||| DROPPING potion of ambrosia.
  8187 | D:10     | Entered Level 10 of the Dungeon
  8194 | D:10     | Reached **** piety under Okawaru
  8235 | D:10     | 8235 ||| PLANNING D:1-11
  8374 | D:10     | 8374 ||| INVOKING Heroism.
  8506 | D:10     | Noticed a +0 dagger
  8506 | D:10     | Noticed a +0 dagger
  8507 | D:10     | Noticed a +0 short sword
  8509 | D:10     | Noticed a +0 spear
  8509 | D:10     | Noticed a +0 falchion
  8509 | D:10     | Noticed a +0 falchion
  8512 | D:10     | Noticed a +0 spear
  8512 | D:10     | Noticed a +0 short sword
  8532 | D:10     | Noticed Joseph
  8538 | D:10     | 8538 ||| INVOKING Heroism.
  8539 | D:10     | Killed Joseph
  8694 | D:10     | Noticed Urug
  8695 | D:10     | 8695 ||| INVOKING Heroism.
  8696 | D:10     | 8696 ||| Stepping ~*~*~tactically~*~*~ (outnumbered).
  8710 | D:10     | Killed Urug
  8711 | D:10     | Reached XP level 11. HP: 80/97 MP: 12/14
  8765 | D:10     | Found a hide-covered altar of Uskayaw.
  8814 | D:10     | Reached ***** piety under Okawaru
  8832 | D:10     | Reached skill level 6 in Invocations
  8997 | D:10     | 8997 ||| READING scroll labelled NUASTU POTINN.
  9041 | D:11     | Found Xitije's Weapon Shop.
  9060 | D:11     | Noticed a two-headed ogre
  9061 | D:11     | 9061 ||| INVOKING Heroism.
  9068 | D:11     | Killed a two-headed ogre
  9069 | D:11     | Reached skill level 14 in Ranged Weapons
  9078 | D:11     | Noticed Fannar
  9090 | D:11     | Killed Fannar
  9108 | D:11     | Noticed a lindwurm
  9109 | D:11     | 9109 ||| INVOKING Heroism.
  9113 | D:11     | Noticed a lindwurm
  9117 | D:11     | Noticed a lindwurm
  9120 | D:11     | Killed a lindwurm
  9128 | D:11     | Killed a lindwurm
  9133 | D:11     | 9133 ||| INVOKING Heroism.
  9145 | D:11     | Killed a lindwurm
  9145 | D:11     | Identified the +2 robe of Jennobb {Drain Fly Int+5
                  | Archmagi} (Okawaru gifted it to you on level 11 of the
                  | Dungeon)
  9145 | D:11     | Received a gift from Okawaru
  9174 | D:11     | 9174 ||| INVOKING Heroism.
  9307 | D:11     | 9307 ||| INVOKING Heroism.
  9309 | D:11     | Noticed a centaur warrior
  9313 | D:11     | Killed a centaur warrior
  9355 | D:11     | Found a staircase to the Lair.
  9397 | D:11     | Found Myuginn's Magic Scroll Shop.
  9405 | D:11     | 9405 ||| BUYING scroll of identify (26 gold).
  9405 | D:11     | Bought a scroll of identify for 26 gold pieces
  9405 | D:11     | 9405 ||| BUYING scroll of identify (26 gold).
  9405 | D:11     | Bought a scroll of identify for 26 gold pieces
  9405 | D:11     | 9405 ||| BUYING scroll of identify (26 gold).
  9405 | D:11     | Bought a scroll of identify for 26 gold pieces
  9483 | D:11     | Noticed a lindwurm
  9484 | D:11     | 9484 ||| INVOKING Heroism.
  9489 | D:11     | Killed a lindwurm
  9539 | D:11     | 9539 ||| PLANNING LAIR
  9539 | D:11     | 9539 ||| DROPPING +2 ring mail of cold resistance.
  9540 | D:11     | 9540 ||| DROPPING +2 robe of Jennobb {Drain Fly Int+5
                  | Archmagi}.
  9573 | Lair:1   | Entered Level 1 of the Lair of Beasts
  9574 | Lair:1   | 9574 ||| INVOKING Heroism.
  9626 | Lair:1   | 9626 ||| INVOKING Heroism.
  9723 | Lair:1   | 9723 ||| INVOKING Heroism.
  9731 | Lair:1   | Reached skill level 15 in Ranged Weapons
  9781 | Lair:1   | Noticed Nergalle
  9782 | Lair:1   | 9782 ||| INVOKING Heroism.
  9793 | Lair:1   | Killed Nergalle
  9817 | Lair:1   | 9817 ||| FLEEEEING.
  9818 | Lair:1   | 9818 ||| FLEEEEING.
  9819 | Lair:1   | 9819 ||| FLEEEEING.
  9820 | Lair:1   | 9820 ||| FLEEEEING.
  9821 | Lair:1   | 9821 ||| FLEEEEING.
  9822 | Lair:1   | 9822 ||| FLEEEEING.
  9823 | Lair:1   | 9823 ||| FLEEEEING.
  9824 | Lair:1   | 9824 ||| FLEEEEING.
  9825 | Lair:1   | 9825 ||| FLEEEEING.
  9826 | Lair:1   | 9826 ||| INVOKING Heroism.
  9829 | Lair:1   | Reached skill level 9 in Invocations
  9835 | Lair:1   | Reached XP level 12. HP: 106/106 MP: 15/17
 10692 | Lair:2   | 10692 ||| INVOKING Heroism.
 10979 | Lair:2   | 10979 ||| INVOKING Heroism.
 11006 | Lair:2   | Reached skill level 16 in Ranged Weapons
 11015 | Lair:2   | Reached skill level 3 in Armour
 11032 | Lair:2   | 11032 ||| INVOKING Heroism.
 11468 | Lair:2   | 11468 ||| INVOKING Heroism.
 11525 | Lair:2   | Noticed a five-headed hydra
 11525 | Lair:2   | Noticed a six-headed hydra
 11526 | Lair:2   | 11526 ||| Stepping ~*~*~tactically~*~*~ (water).
 11527 | Lair:2   | 11527 ||| INVOKING Heroism.
 11532 | Lair:2   | Killed a five-headed hydra
 11533 | Lair:2   | Reached skill level 9 in Dodging
 11536 | Lair:2   | Killed a six-headed hydra
 11599 | Lair:2   | Found a staircase to the Swamp.
 11672 | Lair:2   | 11672 ||| INVOKING Heroism.
 11694 | Lair:2   | 11694 ||| INVOKING Heroism.
 11907 | Lair:3   | 11907 ||| FLEEEEING.
 11908 | Lair:3   | 11908 ||| FLEEEEING.
 11946 | Lair:3   | 11946 ||| INVOKING Heroism.
 11955 | Lair:3   | Reached skill level 12 in Fighting
 12205 | Lair:3   | Reached XP level 13. HP: 118/118 MP: 19/19
 12387 | Lair:3   | Found a staircase to the Snake Pit.
 12389 | Lair:3   | 12389 ||| INVOKING Heroism.
 12523 | Lair:3   | 12523 ||| INVOKING Heroism.
 12618 | Lair:3   | 12618 ||| INVOKING Heroism.
 12744 | Lair:3   | 12744 ||| INVOKING Heroism.
 12839 | Lair:3   | 12839 ||| DROPPING ring of flight.
 12885 | Lair:4   | 12885 ||| INVOKING Heroism.
 12940 | Lair:4   | Noticed Rupert
 12941 | Lair:4   | 12941 ||| INVOKING Heroism.
 12954 | Lair:4   | Killed Rupert
 13007 | Lair:4   | 13007 ||| INVOKING Heroism.
 13342 | Lair:4   | 13342 ||| INVOKING Heroism.
 13810 | Lair:4   | 13810 ||| READING 9 scrolls of identify.
 13810 | Lair:4   | 13810 ||| IDENTIFYING smoky grey potion
 13819 | Lair:5   | Entered Level 5 of the Lair of Beasts
 13824 | Lair:5   | 13824 ||| INVOKING Heroism.
 13849 | Lair:5   | Received a gift from Okawaru
 13895 | Lair:5   | 13895 ||| INVOKING Heroism.
 13917 | Lair:5   | Identified the +8 war axe of Contradiction {pain, *Slow
                  | Str+6 Dex+3}
 14037 | Lair:5   | Found a frozen archway.
 14104 | Lair:5   | Reached skill level 15 in Fighting
 14171 | Lair:5   | 14171 ||| INVOKING Heroism.
 14187 | Lair:5   | 14187 ||| INVOKING Heroism.
 14194 | Lair:5   | HP: 26/126 [lindwurm/blast of flame (26)]
 14196 | Lair:5   | HP: 9/126 [basilisk (5)]
 14196 | Lair:5   | HP: 1/126 [lindwurm (8)]
 14196 | Lair:5   | Slain by a lindwurm

Levels and vault maps discovered:
D:1:      dpeg_arrival_three_smaller_balls, layout_basic, serial_bayou,
          serial_bayou_shore_a, serial_bayou_pond_e, serial_bayou_pond_a,
          serial_bayou_ford_a, minmay_misc_feat_ornament,
          hangedman_decor_growths
D:2:      layout_loops_cross, uniq_crazy_yiuf_cottage
D:3:      layout_loops_ring, led_sif_book, minmay_misc_feat_rugged,
          grunt_ministairs_1, nicolae_the_louvre
D:4:      layout_basic, nemelex_xobeh_ov_fountains_minmay, lemuel_tele_altar,
          nicolae_overflow_crystal_walls, trog_three_pillars_becter,
          minmay_temple_entry_junction_2
D:5:      nicolae_cairo_tiling, layout_cave_pools, kennysheep_little_box
D:6:      layout_loops_ring, zin_angel
D:7:      hellmonk_destroyed_diamonds, layout_basic, nzn_wu_jian_council_hall,
          due_unseen_surprise
D:8:      black_bear_nest_2, layout_loops_ring, dk_noncrumbling_4,
          nicolae_shop_distant_corner_stores
D:9:      layout_irregular_city, kennysheep_mini_moat,
          nicolae_tso_swordbearing_angel, mainiacjoe_overflow_tiny_flanked,
          erik_orc_4, enter_bailey_2
D:10:     layout_roguey, nicolae_uskayaw_en_pointe, serial_bayou_pond_a,
          uniq_urug, uniq_joseph
D:11:     layout_cross, erik_lair_orcish_takeover, serial_shops, shop,
          nicolae_shop_bloodbath_and_beyond, minmay_lindwurm_lava, uniq_fannar
Temple:   hellmonk_temple_micro_hex
Lair:1:   layout_hall_layers, st_stairs_6, uniq_nergalle
Lair:2:   wad_woods_minihive, layout_gridlike, palyth_hydra_swamp_entry
Lair:3:   layout_roguey, dummy_snake_entry
Lair:4:   layout_cave_pods, uniq_rupert
Lair:5:   due_jungle_book, layout_cave_pods, minmay_slime_entry_oklob_enclosed,
          portal_ice_cave_entry_pillars_1, kennysheep_rathole

Skill      XL: |  1  2  3  4  5  6  7  8  9 10 11 12 13 |
---------------+----------------------------------------+-----
Ranged Weapons | 3 4 5 6 7 8 9 12 13 15 16 | 16.0
Fighting       | 2 3 4 5 6 8 9 10 12 15 | 15.0
Armour         | 1 2 3 4 |  4.1
Invocations    | 1 4 5 9 10 | 10.0
Dodging        | 4 5 7 9 11 | 11.3
Spellcasting   | |  1.0
Hexes          | |  2.0

Action                     |  1- 3 |  4- 6 |  7- 9 | 10-12 | 13-15 || total
---------------------------+-------+-------+-------+-------+-------++-------
   Fire: Sling             |   123 |    33 |       |       |       ||   156
         Orcbow            |       |    90 |   205 |   587 |   264 ||  1146
 Invoke: Heroism           |       |       |    10 |    25 |    12 ||    47
    Use: Scroll            |     5 |     8 |     7 |     3 |     1 ||    24
         Potion            |     1 |     1 |     1 |     1 |       ||     4
 Armour: Ring mail         |    22 |    11 |       |       |       ||    33
         Leather armour    |       |     7 |     5 |    24 |    17 ||    53
  Dodge: Dodged            |    37 |    50 |    47 |   126 |    61 ||   321
  Block: Other             |       |       |       |    33 |    18 ||    51
         Reflection        |       |       |       |     1 |       ||     1

Table legend:
 A = Non-vault XP
 B = Vault XP
 C = Vault XP percentage of total XP
 D = Non-vault monster count
 E = Vault monster count
 F = Vault count percentage of total count
                 A         B        C        D         E       F
            +---------+---------+-------+---------+---------+-------
      Total |   43890 |   14065 |  24.3 |     348 |      86 |  19.8
            +---------+---------+-------+---------+---------+-------
        D:1 |      39 |       0 |   0.0 |      23 |       0 |   0.0
        D:2 |      78 |       0 |   0.0 |      29 |       0 |   0.0
        D:3 |     163 |      74 |  31.2 |      16 |       4 |  20.0
        D:4 |     155 |       0 |   0.0 |      14 |       0 |   0.0
        D:5 |     606 |       0 |   0.0 |      19 |       0 |   0.0
        D:6 |    1410 |       0 |   0.0 |      25 |       0 |   0.0
        D:7 |     979 |       0 |   0.0 |      16 |       0 |   0.0
        D:8 |    1544 |     133 |   7.9 |      24 |       1 |   4.0
        D:9 |    3416 |     463 |  11.9 |      29 |      15 |  34.1
       D:10 |    1808 |    1255 |  41.0 |      26 |       2 |   7.1
       D:11 |    2699 |    3926 |  59.3 |      13 |      11 |  45.8
     Lair:1 |    3519 |    1155 |  24.7 |      15 |       2 |  11.8
     Lair:2 |    6497 |    5008 |  43.5 |      26 |      41 |  61.2
     Lair:3 |    5844 |       0 |   0.0 |      27 |       0 |   0.0
     Lair:4 |    8363 |    1932 |  18.8 |      24 |       1 |   4.0
     Lair:5 |    6770 |     119 |   1.7 |      22 |       9 |  29.0
            +---------+---------+-------+---------+---------+-------
